 Dungeon Crawl Stone Soup version 0.26-a0-8-gc4d20be10f (webtiles) character file.

Game seed: 9693268864910757837, levelgen mode: deterministic

13 HoaS the Skirmisher (level 2, -2/19 HPs)
             Began as a Gargoyle Berserker on May 24, 2020.
             Was a Follower of Trog.
             Slain by a gnoll
             ... wielding a +0 halberd
              (5 damage)
             ... on level 1 of the Dungeon.
             The game lasted 00:01:23 (977 turns).

HoaS the Skirmisher (Gargoyle Berserker)             Turns: 977, Time: 00:01:23

Health: -2/19      AC:  8    Str: 20    XL:     2   Next: 37%
Magic:  2/2        EV: 11    Int:  7    God:    Trog [*.....]
Gold:   24         SH:  0    Dex:  9    Spells: 1/1 levels left

rFire    . . .     SeeInvis .     - Unarmed
rCold    . . .     Gourm    .   (no shield)
rNeg     + . .     Faith    .   h - +0 ring mail (curse)
rPois    ∞         Spirit   .   (no helmet)
rElec    +         Reflect  .   (no cloak)
rCorr    .         Harm     .   (no gloves)
MR       .....                  (no boots)
Stlth    ..........             (no amulet)
HPRegen  0.06/turn              (no ring)
MPRegen  0.08/turn              (no ring)

@: no status effects
A: negative energy resistance 1, electricity resistance, unbreathing,
petrification resistance, rot immunity, AC +2
a: Berserk, Renounce Religion


You were on level 1 of the Dungeon.
You worshipped Trog.
Trog was aware of your devotion.
You were not hungry.

You visited 1 branch of the dungeon, and saw 1 of its levels.

You collected 24 gold pieces.

Inventory:

Missiles
 f - 6 boomerangs (quivered)
Armour
 h - a cursed +0 ring mail (worn)
Scrolls
 a - a scroll of fog {unknown}
 c - a scroll of teleportation {unknown}
 d - a scroll of blinking {unknown}
 e - 3 scrolls of remove curse {unknown}
Potions
 g - a potion of curing {unknown}
Comestibles
 b - 2 rations


   Skills:
 + Level 3.5 Fighting
 - Level 2.1 Armour
 - Level 1.5 Dodging
 * Level 3.5 Unarmed Combat


You had one spell level left.
You didn't know any spells.
Your spell library was empty.

Dungeon Overview and Level Annotations

Branches:
Dungeon (1/15)

Altars:


Innate Abilities, Weirdness & Mutations

You are resistant to torment.
Your stone body is resilient. (AC +2)
You are immune to poison.
You resist negative energy. (rN+)
You are resistant to electric shocks. (rElec)
You can survive without breathing.
You are immune to petrification.
You are immune to rotting.


Message History

You close the door.
You start waiting.
A gnoll opens the door.
It is wielding a +0 halberd.
All of the chunks of flesh in your inventory have rotted away.
The gnoll barely misses you. The gnoll hits you with a +0 halberd!
Ouch! That really hurt!
You hit the gnoll.
The gnoll is heavily wounded.
The gnoll closely misses you.
You hit the gnoll but do no damage. You punch the gnoll!
The gnoll is almost dead.
The gnoll hits you with a +0 halberd.
* * * LOW HITPOINT WARNING * * *
Your ring mail prevents you from hitting the gnoll.
The gnoll is almost dead.
You completely miss the gnoll.
The gnoll is almost dead.
The gnoll hits you with a +0 halberd.
You die...

# ########8...8########..# #
#8#8#8#8#...#8#8#8#8#..# #
###...................#..# #
#.'.#####...<...#####.'..# #
#.#...................#..###
######.#8#8#8#8#...#8#8#8#8#.....
.......########8..)8########.....
######........##.#.##........#...
# #....##..#8@#.8#..##......## #
#...####.##g#.##.####..#...#
######....##..#8r..8#..##...#.#.#
#.............###'###.......#....
#.##.....########.##.......#.....
.....................#..#.##.#.#.
≈≈P≈..PP.....≈≈≈≈.......#......#.
≈≈≈P≈≈≈≈.≈≈≈≈≈≈P.≈...P...........
≈≈≈≈≈≈≈≈≈≈≈≈≈≈≈≈≈≈≈≈≈P≈P....###..


You could see a gnoll and a rat.

Vanquished Creatures
  A goblin (D:1)
  A hobgoblin (D:1)
  6 jackals (D:1)
  A bat (D:1)
  A kobold (D:1)
  A rat (D:1)
11 creatures vanquished.

Notes
Turn   | Place    | Note
-------+----------+-------------------------------------------
     0 | D:1      | HoaS the Gargoyle Berserker began the quest for the Orb.
     0 | D:1      | Reached XP level 1. HP: 14/14 MP: 1/1
   460 | D:1      | Reached XP level 2. HP: 16/19 MP: 2/2
   977 | D:1      | Slain by a gnoll

Illustrated notes

Levels and vault maps discovered:
D:1:      heliophobic_arrival_ceremonial_halls, layout_basic, chequers_big_river

Action                   || total
-------------------------++-------
Melee: Unarmed           ||    58
       Punch             ||     1
Armor: Animal skin       ||    12
Dodge: Dodged            ||    36

Table legend:
 A = Non-vault XP
 B = Vault XP
 C = Vault XP percentage of total XP
 D = Non-vault monster count
 E = Vault monster count
 F = Vault count percentage of total count
                 A         B        C        D         E       F
            +---------+---------+-------+---------+---------+-------
      Total |      19 |       0 |   0.0 |      11 |       0 |   0.0
            +---------+---------+-------+---------+---------+-------
        D:1 |      19 |       0 |   0.0 |      11 |       0 |   0.0
            +---------+---------+-------+---------+---------+-------
